 Dungeon Crawl Stone Soup version 0.16.0-14-g63f578d (console) character file.

157 gw the Cudgeler (level 5, -7/31 HPs)
             Began as a Tengu Skald on Mar 18, 2015.
             Mangled by an ogre
             ... wielding a +0 giant spiked club
              (34 damage)
             ... on level 3 of the Dungeon.
             The game lasted 00:03:01 (4775 turns).

gw the Cudgeler (Tengu Skald)                       Turns: 4775, Time: 00:03:01

Health: -7/31      AC:  3    Str: 13    XL:     5   Next: 38%
Magic:  7/13       EV: 12    Int: 13    God:
Gold:   48         SH:  0    Dex: 13    Spells: 4 memorised, 2 levels left

rFire  + . .     SeeInvis .     a - +1 mace
rCold  . . .     Clarity  .     b - +0 leather armour
rNeg   . . .     SustAb   .     (no shield)
rPois  .         Gourm    .     (helmet restricted)
rElec  .         Spirit   .     (no cloak)
rCorr  .         Warding  .     (no gloves)
rMut   .         Stasis   .     (boots unavailable)
MR     .....                    (no amulet)
Stlth  +.........               (no ring)
                                i - ring of protection from fire

@: shrouded, infused, very slightly contaminated, not resistant to hostile
enchantments, very unstealthy
A: able to fly, beak, talons 3
a: Fly


You were on level 3 of the Dungeon.
You were very hungry.

You visited 1 branch of the dungeon, and saw 3 of its levels.

You collected 48 gold pieces.

Inventory:

Hand weapons
 a - a +1 mace (weapon)
Missiles
 e - 37 stones (quivered)
Armour
 b - a +0 leather armour (worn)
Jewellery
 i - a ring of protection from fire (left hand)
Scrolls
 f - 3 scrolls of identify
Books
 c - a book of Battle

   Spells                             Type                      Level
   a - Infusion                       Charms                       1
   b - Shroud of Golubria             Charms/Translocation         2
   c - Song of Slaying                Charms                       2
   d - Spectral Weapon                Hexes/Charms                 3
   e - Regeneration                   Charms/Necromancy            3
Comestibles
 h - a beef jerky
 m - 9 fruits


   Skills:
 + Level 2.6 Fighting
 + Level 3.2 Maces & Flails
 - Level 1.1 Armour
 + Level 2.7 Dodging
 + Level 3.0 Spellcasting
 + Level 3.0 Charms


You had 2 spell levels left.
You knew the following spells:

 Your Spells              Type           Power        Failure   Level  Hunger
a - Infusion              Chrm           #.....       12%         1    #......
b - Shroud of Golubria    Chrm/Tloc      #.........   28%         2    ###....
c - Song of Slaying       Chrm           #.......     14%         2    ###....
d - Spectral Weapon       Hex/Chrm       #.......     54%         3    ###....


Dungeon Overview and Level Annotations

Branches:
Dungeon (3/15)

Altars:
Fedhas


Innate Abilities, Weirdness & Mutations

You can fly.
You have a beak for a mouth.
You have claws for feet.


Message History

You can't eat that!
Unknown command.
Unknown command.
Unknown command.
ATTACKING (1,0)
You closely miss the ogre. You peck the ogre.
The ogre is lightly wounded.
The bat hits you but does no damage. x2
The ogre barely misses you.
Unknown command.
Unknown command.
Unknown command.
Unknown command.
ATTACKING (1,0)
You hit the ogre. Your kick misses the ogre.
The ogre is moderately wounded.
The bat hits you.
The ogre hits you with a giant spiked club!!
Ouch! That really hurt!
You die...

#.#...# ##.#...#
...#...# .
..#...## ...
..##...#
...###.##...##
.....#.>...##
#######..#.##...##
#QO.....)........#
#b##..#.##.######.
#.##........[.....
#.##.<#....######.
#.###.###### #.
... #.# .. ?.# #.#
### ### #.# #.#


You could see an ogre and a bat.

Table legend:
 A = Turns spent in this place as a percentage of turns spent in the entire game.
 B = Non-inter-level travel turns spent in this place as a percentage of non-inter-level travel turns spent in the entire game.
 C = Inter-level travel turns spent in this place as a percentage of turns spent in this place.
 D = Turns resting spent in this place as a percentage of non-inter-level travel turns spent in this place.
 E = Turns spent auto-exploring this place as a percentage of non-inter-level travel turns spent in this place.
 F = Non-inter-level travel turns spent in this place divided by the number of levels of this place that you've seen.
                   A       B       C       D       E      F
               +-------+-------+-------+-------+-------+----------------------
         Total | 100.0 | 100.0 |   0.6 |   2.6 |   1.8 | 1788.0
       Dungeon | 100.0 | 100.0 |   0.6 |   2.6 |   1.8 | 1788.0
               +-------+-------+-------+-------+-------+----------------------

Table legend:
 A = Kills in this place as a percentage of kills in entire the game.
 B = Kills by you in this place as a percentage of kills by you in the entire game.
 C = Kills by friends in this place as a percentage of kills by friends in the entire game.
 D = Other kills in this place as a percentage of other kills in the entire game.
 E = Experience gained in this place as a percentage of experience gained in the entire game.
 F = Experience gained in this place divided by the number of levels of this place that you have seen.
                   A       B       C       D       E      F
               +-------+-------+-------+-------+-------+----------------------
         Total | 100.0 | 100.0 |  -nan |  -nan | 100.0 |  75.0
       Dungeon | 100.0 | 100.0 |  -nan |  -nan | 100.0 |  75.0
               +-------+-------+-------+-------+-------+----------------------

Vanquished Creatures
  5 adders
  A giant mite (D:2)
  5 worms
  2 giant geckos
  2 oozes
  An orc (D:2)
  5 giant cockroaches
  10 goblins
  8 hobgoblins
  11 kobolds
  2 quokkas (D:2)
  A ball python (D:2)
  6 bats
  5 giant newts
  6 rats
70 creatures vanquished.

Notes
Turn   | Place    | Note
--------------------------------------------------------------
     0 | D:1      | gw, the Tengu Skald, began the quest for the Orb.
     0 | D:1      | Reached XP level 1. HP: 12/12 MP: 3/3
   382 | D:1      | Reached XP level 2. HP: 17/17 MP: 1/5
   422 | D:1      | Learned a level 2 spell: Shroud of Golubria
   425 | D:1      | Learned a level 2 spell: Song of Slaying
  1491 | D:1      | Reached XP level 3. HP: 19/21 MP: 0/7
  2462 | D:2      | HP: 1/21 [poisoned by an adder]
  2851 | D:2      | Reached XP level 4. HP: 25/27 MP: 3/9
  2916 | D:2      | Learned a level 3 spell: Spectral Weapon
  3740 | D:2      | Reached skill level 3 in Maces & Flails
  3894 | D:2      | Found a blossoming altar of Fedhas.
  3970 | D:2      | Reached XP level 5. HP: 25/31 MP: 0/12
  4753 | D:3      | Noticed an ogre
  4775 | D:3      | Mangled by an ogre

Action                   |  1- 3 |  4- 6 || total
-------------------------+-------+-------++-------
Melee: Mace              |   100 |    78 ||   178
Throw: Stone             |    73 |   106 ||   179
 Cast: Infusion          |    24 |    17 ||    41
       Shroud of Golubri |    15 |    22 ||    37
  Use: Scroll            |     4 |     3 ||     7
       Potion            |     3 |     2 ||     5
 Stab: Distracted        |       |     1 ||     1
  Eat: Chunk             |     4 |     7 ||    11
       Bread ration      |     1 |       ||     1

Vault maps used:
D:1:      minmay_arrival_up_and_down
D:2:      fedhas_altar_fruit_tree
D:3:      amethyst_killhole
